 Dungeon Crawl Stone Soup version 0.20-a0-441-g89e74e4 (webtiles) character file.

205 AlphabetPasta the Chucker (level 5, 0/48 HPs)
             Began as a Tengu Hunter on Jan 6, 2017.
             Was an Initiate of Qazlal.
             Succumbed to a worker ant's poison
             ... on level 3 of the Dungeon.
             The game lasted 00:10:35 (2913 turns).

AlphabetPasta the Chucker (Tengu Hunter)            Turns: 2913, Time: 00:10:36

Health: 0/48       AC: 22    Str: 13    XL:     5   Next: 83%
Magic:  6/6        EV:  2    Int: 11    God:    Qazlal [......]
Gold:   96         SH:  0    Dex: 15    Spells: 4/4 levels left

rFire  . . .     SeeInvis .     a - +0 short sword
rCold  . . .     Gourm    .     (armour currently unavailable)
rNeg   + + +     Faith    .     (no shield)
rPois  +         Spirit   .     (helmet currently unavailable)
rElec  .         Reflect  .     (cloak currently unavailable)
rCorr  .         Harm     .     (gloves currently unavailable)
MR     .....     Clarity  +     (boots unavailable)
Stlth  ++........ NoTele   +    (no amulet)
                                (no ring)
                                (no ring)

@: lethally poisoned (0 -> -4), tree-form, very slightly contaminated, hasted,
very quick
A: (beak), (talons 0), clarity, (shaggy fur 0), wild magic 2, evolution 1, able
to fly 1
a: Fly, Renounce Religion


You were on level 3 of the Dungeon.
You worshipped Qazlal.
Qazlal was noncommittal.
You were not hungry.
You were a tree.
You visited 1 branch of the dungeon, and saw 3 of its levels.

You collected 96 gold pieces.

Inventory:

Hand Weapons
 a - a +0 short sword (weapon)
 e - a +0 hunting sling
Missiles
 c - 2 javelins (quivered)
 d - a throwing net
 n - 4 tomahawks
Armour
 b - a +0 leather armour (melded)
 i - a +0 pair of gloves (melded)
 p - a +0 shield
Scrolls
 g - a scroll of recharging {unknown}
 l - 2 scrolls of teleportation
 q - a scroll of remove curse
Potions
 j - a potion of mutation
 k - a potion of haste
 o - a potion of invisibility
Comestibles
 f - 4 bread rations
 h - 2 chunks of flesh


   Skills:
 + Level 3.1 Fighting
 * Level 5.2 Throwing
 + Level 1.0 Armour
 + Level 3.4 Dodging
 - Level 1.0 Stealth
 + Level 1.1 Shields
 + Level 1.2 Invocations


You had 4 spell levels left.
You didn't know any spells.

Dungeon Overview and Level Annotations

Branches:
Dungeon (3/15)

Altars:
Ashenzari
Hepliaklqana
Qazlal
Sif Muna


Innate Abilities, Weirdness & Mutations

((You have a beak for a mouth.))
((You have claws for feet.))
You can fly.
You possess an exceptional clarity of mind.
((You are covered in fur. (AC +1)))
Your spells are harder to cast, but more powerful.
You evolve.


Message History

Qazlal accepts your kill.
Okay, then.
You cannot move.
You are feeling hungry.
* * * LOW HITPOINT WARNING * * *
You feel sick.
* * * LOW HITPOINT WARNING * * *
You feel sick.
Unknown command.
* * * LOW HITPOINT WARNING * * *
You feel sick.
You feel extremely strange.
Your thoughts seem clearer.
You feel nature experimenting on you.
Don't worry, failures die fast.
You feel less in control of your magic.
Unknown command.
Eat one of 3 chunks of flesh? (ye/n/q)
You eat one of the 3 chunks of flesh.
This raw flesh tastes terrible.
You die...

### ### #.. ..# #.#
#.#### #)# #....#
#♣###.##.##
#.....)...#
#.....###.#
.........# #.#
##.#.....###.#######
#.##...............
# ##.###..######.#
#.# #..# #. ##.#
#..#


There were no monsters in sight!

Vanquished Creatures
  An orc wizard (D:3)
  An iguana (D:3)
  A worker ant (D:3)
  7 adders
  A dart slug (D:1)
  A leopard gecko (D:3)
  3 orcs (D:3)
  2 ball pythons
  3 bats
  A giant cockroach (D:3)
  6 goblins
  13 hobgoblins
  2 jackals (D:1)
  5 kobolds
  A quokka (D:2)
  6 frilled lizards (D:1)
  4 rats
58 creatures vanquished.

Notes
Turn   | Place    | Note
-------+----------+-------------------------------------------
     0 | D:1      | AlphabetPasta the Tengu Hunter began the quest for the Orb.
     0 | D:1      | Reached XP level 1. HP: 12/12 MP: 2/2
   147 | D:1      | Reached XP level 2. HP: 15/17 MP: 3/3
   779 | D:2      | Reached XP level 3. HP: 22/22 MP: 4/4
   792 | D:2      | Found a deep blue altar of Sif Muna.
   794 | D:2      | Found a hazy altar of Hepliaklqana.
  1186 | D:2      | Found a shattered altar of Ashenzari.
  1187 | D:2      | Found a stormy altar of Qazlal.
  1205 | D:2      | Became a worshipper of Qazlal Stormbringer
  1318 | D:2      | Reached XP level 4. HP: 27/27 MP: 5/5
  1573 | D:2      | Found a faded altar of an unknown god.
  2270 | D:3      | Reached skill level 1 in Invocations
  2270 | D:3      | Gained mutation: You can fly. [Tengu growth]
  2270 | D:3      | Reached XP level 5. HP: 31/32 MP: 6/6
  2312 | D:3      | Reached skill level 1 in Armour
  2312 | D:3      | Reached skill level 1 in Shields
  2324 | D:3      | Gained mutation: You are covered in fur. (AC +1) [potion of mutation]
  2324 | D:3      | Gained mutation: Your spells are a little harder to cast, but a little more powerful. [potion of mutation]
  2600 | D:3      | Reached skill level 5 in Throwing
  2908 | D:3      | HP: 2/48 [poisoned by a worker ant]
  2911 | D:3      | Gained mutation: You possess an exceptional clarity of mind. [potion of mutation]
  2911 | D:3      | Gained mutation: You evolve. [potion of mutation]
  2911 | D:3      | Gained mutation: Your spells are harder to cast, but more powerful. [potion of mutation]
  2913 | D:3      | Succumbed to a worker ant's poison

Vault maps used:
D:1:      minmay_arrival_up_and_down
D:2:      grunt_temple_overflow_open, minitemple, first_bread,
          chequers_ecumenical_altar_lobes, minmay_hexomino_p4
D:3:      kennysheep_okawaru_gauntlet

Skill      XL: |  1  2  3  4  5 |
---------------+----------------+-----
Dodging        | 3 |  3.4
Fighting       | 3 |  3.1
Invocations    | 1 |  1.2
Armour         | 1 |  1.0
Shields        | 1 |  1.1
Throwing       | 5 |  5.2
Stealth        | |  1.0

Action                   |  1- 3 |  4- 6 || total
-------------------------+-------+-------++-------
Melee: Short sword       |    71 |   113 ||   184
       Kick              |    14 |    19 ||    33
       Peck              |    10 |    14 ||    24
Throw: Javelin           |    12 |    10 ||    22
       Throwing net      |     1 |     1 ||     2
       Tomahawk          |       |     2 ||     2
  Use: Scroll            |     5 |     2 ||     7
       Potion            |       |     5 ||     5
 Stab: Sleeping          |     1 |     2 ||     3
       Held in net/web   |     1 |       ||     1
       Distracted        |       |     1 ||     1
  Eat: Chunk             |     1 |     6 ||     7
Armor: Leather armour    |    21 |    32 ||    53
       Skin              |       |     4 ||     4
Dodge: Dodged            |    45 |    89 ||   134
